 Dungeon Crawl Stone Soup version 0.22.0-5-gf09313c8f9 (webtiles) character file.

1238 Htamos the Shooter (level 8, -1/67 HPs)
             Began as a Centaur Earth Elementalist on Aug 14, 2018.
             Slain by a water moccasin (6 damage)
             ... in the Ecumenical Temple.
             The game lasted 00:12:14 (8771 turns).

Htamos the Shooter (Centaur Earth Elementalist)     Turns: 8771, Time: 00:12:17

Health: -1/67      AC:  8    Str: 14    XL:     8   Next: 25%
Magic:  10/10      EV:  2    Int: 14    God:
Gold:   300        SH: 10    Dex:  9    Spells: 9/10 levels left

rFire    . . .     SeeInvis .   n - +0 whip
rCold    . . .     Gourm    .   p - +2 shield
rNeg     . . .     Faith    .   E - +0 chain mail
rPois    .         Spirit   .   (no helmet)
rElec    .         Reflect  .   (no cloak)
rCorr    .         Harm     .   (no gloves)
MR       .....                  (no barding)
Stlth    ..........             (no amulet)
HPRegen  0.21/turn              (no ring)
MPRegen  0.12/turn              (no ring)

@: lethally poisoned (-1 -> -51), flying, very quick
A: large, hooves 3, deformed body, speed 2, tough skin 3
a: no special abilities


You were in the Ecumenical Temple.
You were hungry.

You visited 2 branches of the dungeon, and saw 7 of its levels.

You collected 300 gold pieces.

Inventory:

Hand Weapons
 e - a +0 dagger of protection
 j - a cursed -3 shortbow
 n - a +0 whip (weapon)
 s - a cursed -3 dagger
 u - a +0 hunting sling
 v - a cursed -2 short sword
 J - the +11 hunting sling "Yxigem" {venom, rN+ Str-2 Stlth+}
   (You found it on level 5 of the Dungeon)

   It poisons the ammo it fires.
   It affects your strength (-2).
   It protects you from negative energy.
   It makes you more stealthy.
Missiles
 b - 82 stones (quivered)
 l - 76 arrows
 A - 5 tomahawks
 I - 18 sling bullets
Armour
 c - a +0 robe
 h - a cursed +0 buckler
 p - a +2 shield (worn)
 q - a +0 scale mail
 E - a +0 chain mail (worn)
Jewellery
 a - a +2 ring of evasion {unknown}
 m - an uncursed amulet of faith {unknown}
 t - an uncursed ring of magical power {unknown}
 w - an uncursed ring of fire {unknown}
 y - a cursed ring of attention {unknown}
 F - an uncursed ring of resist corrosion {unknown}
Wands
 z - a wand of digging (23)
Scrolls
 g - 3 scrolls of teleportation {unknown}
 i - 6 scrolls of identify {unknown}
 o - a scroll of blinking {unknown}
 r - 2 scrolls of immolation {unknown}
 x - a scroll of fog {unknown}
 B - 2 scrolls of remove curse {unknown}
 L - a scroll of noise {unknown}
 M - a scroll of enchant weapon {unknown}
 O - a scroll of enchant armour {unknown}
 P - a scroll of amnesia {unknown}
Potions
 f - 2 potions of curing {unknown}
 k - 2 potions of might {unknown}
 C - a potion of flight
 D - a potion of degeneration {unknown}
 G - a potion of magic {unknown}
 H - 2 potions of agility {unknown}
 K - a potion of resistance {unknown}
 N - a potion of lignification {unknown}
Comestibles
 d - 10 rations


   Skills:
 + Level 4.9 Fighting
 * Level 5.5 Bows
 + Level 3.6 Armour
 - Level 1.5 Dodging
 - Level 1.3 Stealth
 - Level 3.2 Shields
 - Level 1.7 Spellcasting
   Level 0.8 Transmutations
 - Level 2.8 Earth Magic


You had 9 spell levels left.
You knew the following spells:

 Your Spells              Type           Power        Failure   Level  Hunger
a - Sandblast             Erth           #.....       99%         1    ##.....

Your spell library contained the following spells:

 Spells                   Type           Power        Failure   Level  Hunger
 Stone Arrow              Conj/Erth      #.....       100%        3    ####...
 Passwall                 Tmut/Erth      #.......     100%        2    ###....
 Lee's Rapid Deconstruct  Erth           #.........   100%        5    ######.
 Petrify                  Tmut/Erth      #.......     100%        4    #####..


Dungeon Overview and Level Annotations

Branches:
Dungeon (6/15)             Temple (1/1) D:6

Altars:
Ashenzari
Cheibriados
Dithmenos
Elyvilon
Fedhas
Gozag
Hepliaklqana
Kikubaaqudgha
Makhleb
Nemelex Xobeh
Qazlal
Sif Muna
Trog
Uskayaw
Vehumet
Wu Jian
Xom

Annotations:
D:3 exclusion: downstairs, Edmund
D:4 exclusion: door


Innate Abilities, Weirdness & Mutations

You have hooves in place of feet.
Armour fits poorly on your strangely shaped body.
You cover ground very quickly.
You have extremely tough skin. (AC +3)


Message History

The water moccasin bites you.
* * * LOW HITPOINT WARNING * * *
You are more poisoned.
The water moccasin poisons you! The water moccasin bites you.
* * * LOW HITPOINT WARNING * * *
You are more poisoned.
The water moccasin poisons you!
You miss the water moccasin.
The water moccasin is severely wounded.
* * * LOW HITPOINT WARNING * * *
You feel very sick.
The water moccasin bites you but does no damage.
Unknown command.
It was a potion of flight.
You feel very buoyant.
You fly up into the air.
* * * LOW HITPOINT WARNING * * *
You feel very sick. The water moccasin bites you.
You die...

≈≈≈≈≈≈≈≈≈...≈≈≈≈≈≈≈
≈≈≈≈≈≈≈≈≈≈...≈≈≈≈≈≈≈
≈≈≈≈≈≈≈≈≈≈...≈≈≈≈≈≈≈
≈≈≈≈≈≈≈≈≈≈...≈≈≈≈≈≈≈
≈≈≈≈≈≈≈≈≈≈...≈≈≈≈≈≈≈
≈≈≈≈≈≈≈≈≈.....≈≈≈≈≈≈
≈≈≈.................
≈≈........S.........
≈≈...⌠.....@)....⌠..
≈≈..................
≈≈≈.................
≈≈≈≈≈≈≈≈≈≈≈≈≈≈≈≈≈≈≈≈
≈≈≈≈≈≈≈≈≈≈≈≈≈≈≈≈≈≈≈≈
≈≈≈≈≈≈≈≈≈≈≈≈≈≈≈≈≈≈≈≈
≈≈≈≈≈≈≈≈≈≈≈≈≈≈≈≈≈≈≈≈
≈≈≈≈≈≈≈≈≈≈≈≈≈≈≈≈≈≈≈≈


You could see a water moccasin.

Vanquished Creatures
  A hippogriff (D:4)
  A steam dragon (D:6)
  An ogre (D:4)
  2 centaurs
  2 scorpions (D:6)
  A howler monkey (D:4)
  A crimson imp (D:5)
  2 hounds
  An orc wizard (D:6)
  2 orc priests (D:6)
  2 iguanas (D:5)
  3 worker ants
  A hound zombie (D:5)
  A hound skeleton (D:5)
  10 adders
  A shadow imp (D:5)
  An adder zombie (D:5)
  A worm (D:2)
  3 dart slugs
  A leopard gecko (D:3)
  9 orcs
  4 giant cockroaches
  9 goblins
  8 hobgoblins
  13 jackals
  7 kobolds
  A quokka (D:3)
  2 ball pythons
  8 bats
  6 frilled lizards
  A quokka skeleton (D:4)
  10 rats
116 creatures vanquished.

Notes
Turn   | Place    | Note
-------+----------+-------------------------------------------
     0 | D:1      | Htamos the Centaur Earth Elementalist began the quest for the Orb.
     0 | D:1      | Reached XP level 1. HP: 14/14 MP: 3/3
   525 | D:1      | Reached XP level 2. HP: 20/20 MP: 1/4
   654 | D:1      | Found a shattered altar of Ashenzari.
  1128 | D:1      | Reached skill level 1 in Shields
  1633 | D:1      | Reached XP level 3. HP: 17/26 MP: 5/5
  1873 | D:2      | Found a stormy altar of Qazlal.
  2570 | D:2      | Found a shimmering altar of Xom.
  2572 | D:2      | Found a hazy altar of Hepliaklqana.
  2698 | D:2      | Found a bloodstained altar of Trog.
  2842 | D:2      | Reached XP level 4. HP: 26/33 MP: 6/6
  3049 | D:2      | Found a snail-covered altar of Cheibriados.
  4257 | D:3      | Reached XP level 5. HP: 29/38 MP: 7/7
  4790 | D:3      | Reached skill level 1 in Fighting
  4882 | D:4      | Noticed Edmund
  5393 | D:4      | Noticed an ogre
  5518 | D:4      | Killed an ogre
  5518 | D:4      | Reached skill level 1 in Armour
  5518 | D:4      | Reached XP level 6. HP: 35/48 MP: 8/8
  5665 | D:4      | Found a deep blue altar of Sif Muna.
  6463 | D:5      | Entered Level 5 of the Dungeon
  6468 | D:5      | Noticed a hippogriff
  7140 | D:4      | Killed a hippogriff
  7140 | D:4      | Reached XP level 7. HP: 47/58 MP: 9/9
  7652 | D:5      | Got a polished hunting sling
  7656 | D:5      | Identified the +11 hunting sling "Yxigem" {venom, rN+ Str-2 Stlth+} (You found it on level 5 of the Dungeon)
  7711 | D:5      | Reached skill level 1 in Bows
  7733 | D:5      | Reached skill level 2 in Bows
  7878 | D:5      | Found a white marble altar of Elyvilon.
  8190 | D:5      | Reached skill level 3 in Bows
  8343 | D:6      | Reached skill level 4 in Bows
  8364 | D:6      | Found a staircase to the Ecumenical Temple.
  8400 | D:6      | Noticed a steam dragon
  8414 | D:6      | Killed a steam dragon
  8414 | D:6      | Reached XP level 8. HP: 32/67 MP: 10/10
  8432 | D:6      | Reached skill level 5 in Bows
  8446 | Temple   | Entered the Ecumenical Temple
  8771 | Temple   | Slain by a water moccasin

Skill      XL: |  1  2  3  4  5  6  7  8 |
---------------+-------------------------+-----
Shields        | 1 2 3 |  3.2
Fighting       | 2 3 4 |  4.9
Armour         | 1 2 3 |  3.6
Bows           | 4 5 |  5.5
Dodging        | |  1.5
Stealth        | |  1.3
Spellcasting   | |  1.7
Transmutations | |  0.8
Earth Magic    | |  2.8

Action                   |  1- 3 |  4- 6 |  7- 9 || total
-------------------------+-------+-------+-------++-------
Melee: Dagger            |   116 |       |       ||   116
       Kick              |    36 |    31 |     2 ||    69
       Whip              |    74 |   241 |    16 ||   331
 Fire: Hunting sling     |    51 |    81 |    73 ||   205
 Cast: Sandblast         |     4 |     2 |       ||     6
  Use: Potion            |       |       |     1 ||     1
  Eat: Chunk             |     5 |     8 |     1 ||    14
       Ration            |       |     2 |       ||     2
Armor: Robe              |    51 |       |       ||    51
       Scale mail        |   102 |    97 |       ||   199
       Chain mail        |       |    24 |    22 ||    46
Dodge: Dodged            |    84 |    57 |     1 ||   142
Block: Shield            |    75 |   126 |    12 ||   213
